 Dungeon Crawl Stone Soup version 0.28.0-43-g3370ac3207 (webtiles) character file.

Game seed: 11661770475268211053

78611 nonceun the Severer (level 15, -5/137 (145) HPs)
             Began as a Minotaur Berserker on Mar 26, 2022.
             Was a High Priest of Trog.
             Slain by a dire elephant simulacrum (21 damage)
             ... animated by a necromancer
             ... on level 6 of the Lair of Beasts.
             The game lasted 02:50:55 (26997 turns).

nonceun the Severer (Minotaur Berserker)           Turns: 26997, Time: 02:50:56

HP:   -5/137 (145)  AC: 29    Str: 32    XL:     15   Next: 18%
MP:   14/14         EV:  7    Int:  6    God:    Trog [*****.]
Gold: 1567          SH: 12    Dex: 13    Spells: 14/14 levels left

rFire   . . .      SeeInvis +   a - +3 war axe (venom)
rCold   . . .      Faith    .   j - +0 kite shield
rNeg    . . .      Spirit   .   Y - +5 plate armour of Vinop {rElec SInv}
rPois   +          Reflect  .   (helmet restricted)
rElec   +          Harm     .   y - +0 cloak
rCorr   .          Rampage  .   h - +2 pair of gloves
Will    +++..      Clarity  +   V - +2 pair of boots {Stlth+}
Stlth   ..........              c - amulet of regeneration
HPRegen 2.12/turn               s - ring of poison resistance
MPRegen 0.14/turn               G - +6 ring of strength

@: strong-willed, regenerating, constricted, drained
A: horns 2, retaliatory headbutt, thin skeletal structure 1, clarity
a: Renounce Religion, Berserk, Trog's Hand, Brothers in Arms


You were on level 6 of the Lair of Beasts.
You worshipped Trog.
Trog was extremely pleased with you.
You visited 4 branches of the dungeon, and saw 22 of its levels.
You visited the Abyss 1 time.
You also visited: Sewer and Bailey.

You collected 2541 gold pieces.
You spent 974 gold pieces at shops.

Inventory:

Hand Weapons
 a - a +3 war axe of venom (weapon)
 b - the +4 rapier of Xigyel {vorpal, rPois Str+2 Dex+4}
   (Trog gifted it to you on level 2 of the Orcish Mines)

   It inflicts extra damage upon your enemies.
   Str:       It affects your strength (+2).
   Dex:       It affects your dexterity (+4).
   rPois:     It protects you from poison.
Missiles
 x - 7 throwing nets (quivered)
Armour
 h - a +2 pair of gloves (worn)
 j - a +0 kite shield (worn)
 y - a +0 cloak (worn)
 J - a +3 ring mail of cold resistance
 U - +0 acid dragon scales
 V - a +2 pair of boots of stealth (worn)
 Y - the +5 plate armour of Vinop (worn) {rElec SInv}
   (You found it on level 9 of the Dungeon)

   rElec:     It insulates you from electricity.
   SInv:      It lets you see invisible.
Jewellery
 c - an amulet of regeneration (around neck)
 o - a ring of willpower
 s - a ring of poison resistance (left hand)
 A - a ring of flight
 G - a +6 ring of strength (right hand)
 H - a +4 ring of protection
 M - a ring of resist corrosion
 S - an amulet of reflection
 Z - a ring of protection from cold
Wands
 u - a wand of charming (3)
 v - a wand of paralysis (8)
 w - a wand of flame (18)
 z - a wand of digging (2)
 K - a wand of acid (4)
 P - a wand of polymorph (13)
Scrolls
 f - 3 scrolls of teleportation
 i - 8 scrolls of fog
 k - 3 scrolls of holy word
 n - 2 scrolls of brand weapon
 p - 2 scrolls of blinking
 D - 5 scrolls of fear
 E - 2 scrolls of summoning
 F - 2 scrolls of magic mapping
 N - 2 scrolls of silence
Potions
 e - 2 potions of lignification
 g - 8 potions of heal wounds
 l - 6 potions of might
 q - 10 potions of curing
 r - a potion of mutation
 t - 2 potions of flight
 B - a potion of invisibility
 C - a potion of resistance
 I - 2 potions of cancellation
 L - 3 potions of haste
 Q - 2 potions of ambrosia
 R - 2 potions of attraction
Miscellaneous
 d - a condenser vane
 m - a phial of floods
 X - a piece from Xom's chessboard (11/15)


   Skills:
 * Level 16.4 Fighting
 - Level 5.0 Short Blades
 - Level 18.0 Axes
 + Level 12.3 Armour
 * Level 8.6 Dodging
 + Level 12.3 Shields
 * Level 7.6 Evocations


You had 14 spell levels left.
You didn't know any spells.
Your spell library contained the following spells:

 Spells                   Type           Power      Damage    Failure   Level
 Animate Skeleton         Necr           0%         N/A       99%         1
 Beastly Appendage        Tmut           0%         N/A       99%         1
 Pain                     Necr           0%         1d4       99%         1
 Summon Small Mammal      Summ           0%         N/A       99%         1
 Blink                    Tloc           0%         N/A       100%        2
 Corpse Rot               Necr/Air       0%         N/A       100%        2
 Ensorcelled Hibernation  Hex/Ice        0%         N/A       100%        2
 Passwall                 Tmut/Erth      0%         N/A       100%        2
 Static Discharge         Conj/Air       0%         N/A       100%        2
 Wereblood                Tmut           0%         N/A       100%        2
 Call Canine Familiar     Summ           0%         N/A       100%        3
 Frozen Ramparts          Ice            0%         1d2       100%        3
 Gell's Gravitas          Tloc           0%         N/A       100%        3
 Lesser Beckoning         Tloc           0%         N/A       100%        3
 Spider Form              Tmut/Pois      0%         N/A       100%        3
 Summon Guardian Golem    Hex/Summ       0%         N/A       100%        3
 Swiftness                Air            0%         N/A       100%        3
 Teleport Other           Tloc           0%         N/A       100%        3
 Tukima's Dance           Hex            0%         N/A       100%        3
 Vampiric Draining        Necr           0%         2d6       100%        3
 Dispel Undead            Necr           0%         3d6       100%        4
 Ice Form                 Ice/Tmut       0%         N/A       100%        4
 Leda's Liquefaction      Hex/Erth       0%         N/A       100%        4
 Passage of Golubria      Tloc           0%         N/A       100%        4
 Summon Ice Beast         Ice/Summ       0%         N/A       100%        4
 Lee's Rapid Deconstruct  Erth           0%         3d5*      100%        5
 Lightning Bolt           Conj/Air       0%         1d11      100%        5
 Yara's Violent Unravell  Hex/Tmut       0%         3d3       100%        5
 Death Channel            Necr           0%         N/A       100%        6
 Dispersal                Tloc           0%         N/A       100%        6
 Statue Form              Tmut/Erth      0%         N/A       100%        6
 Disjunction              Tloc           0%         N/A       100%        8
 Maxwell's Capacitive Co  Air            0%         ∞         100%        8


Dungeon Overview and Level Annotations

Branches:
Dungeon (13/15)            Temple (1/1) D:7            Lair (6/6) D:8
 Shoals (0/4) Lair:4        Snake (0/4) Lair:3        Slime (0/5) Lair:5
    Orc (2/2) D:10            Elf (0/3) Orc:2         Sewer (visited)
 Bailey (visited)
 Vaults: D:13-14

Altars:
Ashenzari
Cheibriados
Dithmenos
Fedhas
Gozag
Hepliaklqana
Kikubaaqudgha
Makhleb
Nemelex Xobeh
Okawaru
Ru
Sif Muna
Trog
Uskayaw
Vehumet
Wu Jian
Xom
Yredelemnul
Zin
The Shining One
Beogh

Shops:
D:9 [[(!   Orc:2 [*([

Annotations:
D:6 2 runed translucent doors, WaxSun's ghost, novice FoCK
D:7 2 transporters, croobank's ghost, novice HOFi
D:8 2 transporters, RascalDebosk's ghost, novice TeAE
D:13 !5hydra x2
Lair:6 exclusion: obsidian statue


Innate Abilities, Weirdness & Mutations

You have a pair of horns on your head.
You reflexively headbutt those who attack you in melee.
You have a somewhat thin skeletal structure. (Dex +2, Stealth+)
You possess an exceptional clarity of mind.


Message History

The spectral anaconda constricts you.
The spectral anaconda bites you but does no damage.
The spectral anaconda constricts you. The dire elephant tramples you!!
* * * LOW HITPOINT WARNING * * *
You are held in place!
The dire elephant trunk-slaps you but does no damage.
Your two-headed ogre goes berserk!
The spectral anaconda bites you but does no damage.
The spectral anaconda constricts you.
* * * LOW HITPOINT WARNING * * *
You block the spectral anaconda's attack.
The spectral anaconda constricts you.
* * * LOW HITPOINT WARNING * * *
The dire elephant barely misses you. You furiously retaliate!
You headbutt the dire elephant.
The dire elephant trunk-slaps you but does no damage.
The dire elephant simulacrum tramples you but does no damage.
The dire elephant simulacrum trunk-slaps you but does no damage.
What are your orders? t - Shout!
Orders for allies: a - Attack new target. r - Retreat! s - Stop attacking. g - Guard the area. f - Follow me.
Anything else - Cancel.
Gang up on whom?
Press: ? - help, Dir - move target, f - spectral anaconda
Aim: a spectral anaconda (moderately damaged, constricting you) Attack!
The spectral anaconda bites you but does no damage.
The spectral anaconda constricts you.
* * * LOW HITPOINT WARNING * * *
The dire elephant tramples you.
* * * LOW HITPOINT WARNING * * *
You are held in place!
The dire elephant trunk-slaps you but does no damage.
You block the spectral anaconda's attack.
The spectral anaconda constricts you.
* * * LOW HITPOINT WARNING * * *
The dire elephant simulacrum tramples you!!
You die...

...................#............#
###'''########♣......P♣#######...
.........†...###....♣##########.P
##8.⌠.8#####...###♣♣##.....8# ##(
###8.8###.≈###.#### #......# #.
8#######.≈≈≈≈#....####.....8# #.
[#8.YY8#≈≈≈≈.####....#'##########
)#.....'≈≈≈≈.#8Z####.#.# #:##.
8#:....'≈≈≈.)'.Y@O.#...# #+###
##8...8##≈≈.##8Z...#..8# ♣8♣#
########### ####''#''####♣♣...#
#..#..#...P...## ##P.........♣P#
##.....PP.♣♣ #..#.#..♣♣ #########


You could see a dire elephant (poisoned), a spectral anaconda, a dire elephant
simulacrum (ally target) and a friendly two-headed ogre (summoned, berserk).

Vanquished Creatures
  2 tentacled starspawn (Abyss:1)
  2 slime creatures (D:12)
  An ophan (Abyss:1)
  2 dire elephants (Lair:6)
  An ettin (Orc:1)
  Erolcha (D:9)
  Harold (D:7)
  A spriggan skeleton (Abyss:1)
  7 hydras
  4 boulder beetles
  A centaur warrior (D:13)
  2 two-headed ogres (D:11)
  9 death yaks
  5 orc high priests (Orc:2)
  Sonja (Lair:3)
  A spectral dire elephant (Lair:6)
  2 spectral death yaks (Lair:6)
  10 orc knights
  A lindwurm (Lair:4)
  A mana viper (Abyss:1)
  3 necromancers (Lair:6)
  An orc sorcerer (Orc:1)
  2 ugly things
  18 elephants
  2 cyclopes
  A manticore (D:9)
  6 black mambas
  2 smoke demons (Abyss:1)
  2 gargoyles
  8 cane toads
  An unseen horror (D:11)
  An orange demon (Abyss:1)
  10 rime drakes
  3 kobold demonologists
  10 komodo dragons
  2 ancient zymes (Abyss:1)
  A polar bear (Lair:5)
  Prince Ribbit (Lair:3)
  3 hornets
  A spectral elephant (Lair:6)
  23 blink frogs
  A raiju (shapeshifter) (D:13)
  2 starcursed masses (Abyss:1)
  A centaur simulacrum (D:12)
  44 yaks
  A ynoxinul (Abyss:1)
  A dire elephant simulacrum (Lair:6)
  2 basilisks (Lair:2)
  A wyvern (D:8)
  A fire bat (Lair:3)
  A basilisk (shapeshifter) (D:13)
  A neqoxec (Abyss:1)
  12 steam dragons
  2 vampire mosquitoes (D:8)
  Edmund (D:6)
  2 spectral cane toads (Lair:6)
  3 wargs
  2 acid dragons
  21 water moccasins
  5 large abominations (Abyss:1)
  34 orc warriors
  4 black bears
  An elephant zombie (Lair:6)
  3 ice beasts
  A necrophage (D:6)
  5 ogres
  14 wolves
  6 centaurs
  5 kobold brigands
  2 gnoll sergeants
  13 bullfrogs
  An earth elemental (Abyss:1)
  6 scorpions
  A water moccasin skeleton (D:5)
  17 wights
  5 electric eels
  4 howler monkeys
  4 centaur zombies
  6 small abominations (Abyss:1)
  A quasit (Abyss:1)
  2 centaur skeletons
  3 jellies
  3 hounds (D:3)
  4 gnoll shamans
  25 orc priests
  3 bullfrog skeletons
  Jessica (D:2)
  13 orc wizards
  Terence (D:3)
  2 iguanas
  4 hell rats (Lair:4)
  A killer bee zombie (D:7)
  2 howler monkey zombies
  A howler monkey skeleton (D:5)
  38 gnolls
  8 river rats (Sewer)
  15 adders
  A shadow imp (D:8)
  A white imp (Abyss:1)
  An ufetubus (D:5)
  A worm (D:5)
  2 dart slugs
  93 orcs
  6 endoplasms
  7 giant cockroaches
  15 goblins
  14 hobgoblins
  14 jackals
  23 kobolds
  10 quokkas
  16 ball pythons
  11 bats
  7 frilled lizards
  19 rats
  2 starspawn tentacles (Abyss:1)
762 creatures vanquished.

Vanquished Creatures (collateral kills)
  A hydra (Lair:2)
  An orc sorcerer (Bailey)
  A rime drake (Lair:2)
  2 yaks (Lair:2)
  A large abomination (Abyss:1)
6 creatures vanquished.

Vanquished Creatures (others)
  A steam dragon (Lair:3)
  A bullfrog (Lair:3)
  An orc priest (D:9)
  2 orc wizards (D:8)
  23 fungi
  47 plants
  4 starspawn tentacles (Abyss:1)
  23 withered plants (Lair:6)
102 creatures vanquished.

Grand Total: 870 creatures vanquished

Notes
Turn   | Place    | Note
-------+----------+-------------------------------------------
     0 | D:1      | nonceun the Minotaur Berserker began the quest for the Orb.
     0 | D:1      | Reached XP level 1. HP: 19/19 MP: 0/0
   359 | D:1      | Noticed an ogre
   359 | D:1      | Noticed an ogre
   360 | D:1      | Noticed an ogre
   361 | D:1      | Reached skill level 4 in Axes
   361 | D:1      | Noticed an ogre
   365 | D:1      | Reached XP level 2. HP: 21/27 MP: 1/1
   573 | D:1      | You fall into a shaft and drop 1 floor!
   790 | D:2      | Reached XP level 3. HP: 22/33 MP: 2/2
   907 | D:2      | Reached ** piety under Trog
  1114 | D:2      | Reached skill level 5 in Axes
  1139 | D:2      | Noticed Jessica
  1155 | D:2      | Killed Jessica
  1156 | D:2      | Reached XP level 4. HP: 25/40 MP: 3/3
  1680 | D:1      | Found a faded altar of an unknown god.
  2489 | D:3      | Reached skill level 6 in Axes
  2489 | D:3      | Reached XP level 5. HP: 33/47 MP: 4/4
  3117 | D:3      | Noticed Terence
  3155 | D:3      | Killed Terence
  3314 | D:3      | Reached XP level 6. HP: 22/53 MP: 5/5
  3318 | D:3      | Reached *** piety under Trog
  3587 | D:3      | Reached skill level 7 in Axes
  3600 | D:3      | Reached skill level 5 in Fighting
  3867 | D:3      | Reached XP level 7. HP: 55/61 MP: 6/6
  4020 | D:3      | Reached skill level 8 in Axes
  4509 | D:3      | Reached skill level 5 in Armour
  4512 | D:3      | Reached skill level 9 in Axes
  5145 | D:4      | Found a glowing drain.
  5147 | D:4      | Reached **** piety under Trog
  5162 | Sewer    | Entered a sewer
  5659 | Sewer    | Reached XP level 8. HP: 69/69 MP: 7/7
  5783 | Sewer    | Reached ***** piety under Trog
  5788 | Sewer    | Reached skill level 10 in Axes
  6871 | D:5      | Entered Level 5 of the Dungeon
  7018 | D:5      | Reached skill level 1 in Shields
  7629 | D:5      | Reached skill level 11 in Axes
  7645 | D:5      | Reached skill level 1 in Evocations
  8098 | D:6      | Noticed Edmund
  8125 | D:6      | Killed Edmund
  8187 | D:6      | Reached XP level 9. HP: 50/73 MP: 8/8
  8625 | D:6      | Reached skill level 12 in Axes
  8723 | D:6      | Found a runed translucent door.
  8729 | D:6      | Noticed WaxSun's ghost (novice FoCK)
  9094 | D:6      | Found a runed translucent door.
  9544 | D:7      | Identified a scroll of acquirement
  9575 | D:7      | Found a staircase to the Ecumenical Temple.
  9831 | D:7      | Found a transporter.
  9841 | D:7      | Noticed croobank's ghost (novice HOFi)
  9841 | D:7      | Found a transporter.
  9869 | D:7      | Noticed Harold
  9883 | D:7      | Killed Harold
  9884 | D:7      | Reached skill level 13 in Axes
  9896 | Temple   | Entered the Ecumenical Temple
 10100 | D:7      | Found a blossoming altar of Fedhas.
 10389 | D:8      | Identified the +5 kite shield of Lonnuela {rC++ Int+7}
 10540 | D:8      | Reached XP level 10. HP: 75/86 MP: 9/9
 10572 | D:8      | Reached skill level 14 in Axes
 10731 | D:8      | Noticed RascalDebosk's ghost (novice TeAE)
 10927 | D:8      | Reached skill level 5 in Dodging
 11343 | D:8      | Found a staircase to the Lair.
 11481 | D:8      | Found a transporter.
 11490 | D:8      | Identified the ring of Tefuphuso {Fire Str+4}
 11492 | D:8      | Found a transporter.
 11569 | D:8      | Found an iron altar of Okawaru.
 11679 | D:9      | Found Garymuc's Armour Emporium.
 11688 | D:9      | Bought a +2 pair of boots of stealth for 279 gold pieces
 11767 | D:9      | Found a flagged portal.
 11779 | Bailey   | Entered a bailey
 11808 | Bailey   | Noticed an orc knight
 11818 | Bailey   | Killed an orc knight
 11819 | Bailey   | Reached skill level 15 in Axes
 11861 | Bailey   | Noticed an orc knight
 11880 | Bailey   | Killed an orc knight
 11972 | Bailey   | Noticed an orc knight
 12072 | Bailey   | Noticed an orc sorcerer
 12124 | Bailey   | Paralysed by an orc sorcerer for 4 turns
 12129 | Bailey   | Killed an orc sorcerer
 12130 | Bailey   | Reached XP level 11. HP: 94/97 MP: 10/10
 12427 | Bailey   | Noticed a soul eater
 12454 | Bailey   | Found an iron altar of Okawaru.
 12504 | Bailey   | Killed an orc knight
 13472 | D:9      | Reached skill level 16 in Axes
 13515 | D:9      | Found Luikkukk's Distillery.
 13526 | D:9      | Bought a potion of invisibility for 128 gold pieces
 13526 | D:9      | Bought a potion of might for 64 gold pieces
 13526 | D:9      | Bought a potion of haste for 160 gold pieces
 13526 | D:9      | Bought a potion of attraction for 48 gold pieces
 13526 | D:9      | Bought a potion of curing for 48 gold pieces
 13568 | D:9      | Found Hotoc's Weapon Shoppe.
 13585 | D:9      | Found a radiant altar of Vehumet.
 13588 | D:9      | Found a sacrificial altar of Ru.
 13593 | D:9      | Found a bloodstained altar of Trog.
 13595 | D:9      | Identified the +5 plate armour of Vinop {rElec SInv}
 13599 | D:9      | Found a sparkling altar of Nemelex Xobeh.
 13601 | D:9      | Found a basalt altar of Yredelemnul.
 13726 | D:9      | Reached skill level 5 in Shields
 13769 | D:9      | Noticed Erolcha
 13871 | D:9      | Found Filulaps's Armour Shop.
 13969 | D:9      | Found a shadowy altar of Dithmenos.
 13970 | D:9      | Found an ornate altar of the Wu Jian Council.
 13982 | D:9      | Found a shimmering altar of Xom.
 14084 | D:9      | Killed Erolcha
 14208 | D:10     | Entered Level 10 of the Dungeon
 14267 | D:10     | Reached skill level 5 in Evocations
 14528 | D:10     | Found a staircase to the Orcish Mines.
 14609 | D:10     | Reached skill level 10 in Fighting
 15155 | D:11     | Noticed a purple ugly thing
 15167 | D:11     | Killed a purple ugly thing
 15511 | D:11     | Noticed a two-headed ogre
 15530 | D:11     | Killed a two-headed ogre
 15702 | D:11     | Noticed a two-headed ogre
 15715 | D:11     | Killed a two-headed ogre
 15716 | D:11     | Reached skill level 17 in Axes
 15716 | D:11     | Reached XP level 12. HP: 88/106 MP: 11/11
 16522 | D:12     | Noticed a boulder beetle
 16551 | D:12     | Killed a boulder beetle
 17169 | D:13     | Noticed a five-headed hydra
 17281 | D:13     | Noticed a centaur warrior
 17293 | D:13     | Killed a centaur warrior
 17383 | D:13     | Noticed a five-headed hydra
 17383 | D:13     | Noticed a death knight
 17559 | Lair:1   | Entered Level 1 of the Lair of Beasts
 17679 | Lair:1   | Gained mutation: Your body sometimes deteriorates upon
                  | taking damage. [potion of mutation]
 17679 | Lair:1   | Gained mutation: You are frail. (-10% HP) [potion of
                  | mutation]
 17680 | Lair:1   | Lost mutation: You are frail. (-10% HP) [potion of
                  | mutation]
 17680 | Lair:1   | Lost mutation: Your body sometimes deteriorates upon taking
                  | damage. [potion of mutation]
 17680 | Lair:1   | Gained mutation: Potions are less effective at restoring
                  | your health. [potion of mutation]
 17680 | Lair:1   | Gained mutation: You have a somewhat thin skeletal
                  | structure. (Dex +2, Stealth+) [potion of mutation]
 17681 | Lair:1   | Lost mutation: You have a somewhat thin skeletal structure.
                  | (Dex +2, Stealth+) [potion of mutation]
 17681 | Lair:1   | Lost mutation: Potions are less effective at restoring your
                  | health. [potion of mutation]
 17681 | Lair:1   | Gained mutation: You are clumsy. (Dex -2) [potion of
                  | mutation]
 17681 | Lair:1   | Gained mutation: Your spells are a little easier to cast,
                  | but a little less powerful. [potion of mutation]
 17681 | Lair:1   | Gained mutation: You have a pair of large horns on your
                  | head. [potion of mutation]
 17682 | Lair:1   | Lost mutation: You have a pair of large horns on your head.
                  | [potion of mutation]
 17682 | Lair:1   | Lost mutation: You are clumsy. (Dex -2) [potion of
                  | mutation]
 17682 | Lair:1   | Lost mutation: Your spells are a little easier to cast, but
                  | a little less powerful. [potion of mutation]
 17682 | Lair:1   | Gained mutation: You possess an exceptional clarity of
                  | mind. [potion of mutation]
 17682 | Lair:1   | Gained mutation: You have a somewhat thin skeletal
                  | structure. (Dex +2, Stealth+) [potion of mutation]
 17952 | Lair:1   | Received a gift from Trog
 19042 | Lair:2   | Reached XP level 13. HP: 103/119 MP: 12/12
 19183 | Lair:2   | Reached skill level 18 in Axes
 19390 | Lair:3   | Found a staircase to the Snake Pit.
 19420 | Lair:3   | Noticed Prince Ribbit
 19455 | Lair:3   | Killed Prince Ribbit
 19496 | Lair:3   | Reached skill level 10 in Shields
 19556 | Lair:3   | Noticed Sonja
 20594 | Lair:3   | Cast into level 1 of the Abyss (Sonja)
 20698 | Abyss:1  | Noticed an ophan
 20702 | Abyss:1  | Noticed a starcursed mass
 20704 | Abyss:1  | Noticed a lorocyproca
 20720 | Abyss:1  | Killed an ophan
 20814 | Abyss:1  | Noticed a tentacled starspawn
 20859 | Abyss:1  | Killed a tentacled starspawn
 21021 | Abyss:1  | Noticed a green draconian monk
 21196 | Abyss:1  | Noticed a tentacled starspawn
 21203 | Abyss:1  | Killed a tentacled starspawn
 21239 | Abyss:1  | Noticed a red very ugly thing
 21322 | Abyss:1  | Noticed a starcursed mass
 21345 | Lair:3   | Escaped the Abyss
 21356 | Lair:3   | Killed Sonja
 21357 | Lair:3   | Reached skill level 10 in Armour
 21575 | Lair:3   | Reached skill level 15 in Fighting
 21656 | Lair:3   | Got Poesixt's Incunabulum of the Traveller
 21756 | Lair:3   | Identified the +1 leather armour "Rigidd" {Str+3}
 22104 | Lair:4   | Identified the +7 mace of Orphisch {pain, rF- Int-2 Dex+8
                  | Stlth+}
 22273 | Orc:1    | Entered Level 1 of the Orcish Mines
 22432 | Orc:2    | Entered Level 2 of the Orcish Mines
 22434 | Orc:2    | Noticed an ettin
 22450 | Orc:1    | Killed an ettin
 22603 | Orc:2    | Found a staircase to the Elven Halls.
 23083 | Orc:1    | Found a bloodstained altar of Trog.
 23382 | Orc:2    | Identified the +4 rapier of Xigyel {vorpal, rPois Str+2
                  | Dex+4} (Trog gifted it to you on level 2 of the Orcish
                  | Mines)
 23382 | Orc:2    | Received a gift from Trog
 23431 | Orc:2    | Reached XP level 14. HP: 39/135 MP: 13/13
 23978 | Orc:2    | Found Iseg's Antique Armour Boutique.
 23978 | Orc:2    | Found Teyg's Antique Weapon Boutique.
 23983 | Orc:2    | Found Inuevoyn's Armour Boutique.
 23983 | Orc:2    | Found Keclinto's General Store.
 23994 | Orc:2    | Bought a pair of embroidered gloves for 247 gold pieces
 24451 | Lair:4   | Reached skill level 1 in Short Blades
 24619 | Lair:4   | Found a staircase to the Shoals.
 25817 | Lair:5   | Reached skill level 5 in Short Blades
 25958 | Lair:5   | Found a staircase to the Slime Pits.
 26058 | Lair:6   | Entered Level 6 of the Lair of Beasts
 26419 | Lair:6   | Identified the +4 quarterstaff "Cent" {protect, Int+6}
 26695 | Lair:6   | Reached XP level 15. HP: 115/143 MP: 14/14
 26896 | Lair:6   | Got the Collected Works on the Vitriolic Traveller
 26997 | Lair:6   | Slain by a dire elephant simulacrum

Illustrated notes

Levels and vault maps discovered:
D:1:      erik_arrival_cave_to_civilisation [erik_arrival_cave_to_temple],
          layout_loops_ring, ebering_ecumenical_altar_abandoned,
          chequers_serial_rivers_micro_a, minivault_24, minmay_hexomino_u4
D:2:      layout_basic, kennysheep_jessica_study
D:3:      lemuel_castle_with_subvaults [lemuel_castle_interior_original],
          layout_loops_corners, minmay_hedge_maze, uniq_terence
D:4:      layout_loops_ring, gup_sewer_entry_pipe, hangedman_decor_push,
          minmay_quantized
D:5:      layout_basic, chequers_big_river
D:6:      layout_loops_corners, ebering_ghost_sewer_f, st_stairs_1,
          hangedman_decor_lopped, uniq_edmund
D:7:      layout_cave_pools, fedhas_ov_isle_minmay,
          minmay_temple_entry_drinking_statues, serial_glass, glass_columns_a,
          glass_columns_a, glass_columns_b, gammafunk_ghost_arena, uniq_harold
D:8:      minmay_spotlight, layout_rooms, nicolae_overflow_hidden_temple,
          erik_lair_orcish_takeover, gammafunk_ghost_gnarly_gnolls,
          minmay_misc_feat_columns
D:9:      layout_small_grid, minitemple, grunt_temple_overflow_diamond,
          serial_shops, shop, shop, nicolae_inconvenience_store, shop_statue,
          enter_bailey_4, uniq_erolcha
D:10:     layout_gridville, hiddenorc1_lemuel
D:11:     layout_loops_ring
D:12:     layout_basic, hangedman_abyss_or_decor_clamps
D:13:     layout_basic, david_vaults_5
Temple:   nicolae_temple_x_marks_the_god
Lair:1:   layout_roguey, beast_lair_carwin_11
Lair:2:   layout_long_grid
Lair:3:   layout_chaotic_city, minmay_snake_entry_six_corridors,
          serial_bayou_pond_a, bobbens_dragon_lair_wall, uniq_sonja,
          uniq_prince_ribbit2
Lair:4:   layout_loops_ring, minmay_shoals_entry_centaurs, lemuel_fruit_fields
Lair:5:   layout_regular_city, dpeg_slime_entry_corner,
          chequers_serial_rivers_large_a, grunt_megastairs_3
Lair:6:   due_jungle_book, layout_gridlike, columned_hall_lemuel
Orc:1:    layout_caves, basic_altar, trog_butcher_becter
Orc:2:    st_orc_pillars, layout_diamond_mine

Skill      XL: |  1  2  3  4  5  6  7  8  9 10 11 12 13 14 15 |
---------------+----------------------------------------------+-----
Axes           | 4 5 6 7 9 11 13 15 17 18 | 18.0
Fighting       | 4 5 6 7 9 10 12 15 16 | 16.4
Armour         | 3 4 5 7 8 10 12 | 12.3
Dodging        | 3 4 5 6 8 |  8.6
Shields        | 2 3 4 7 9 10 12 | 12.3
Evocations     | 1 3 4 5 6 7 |  7.6
Short Blades   | 5 |  5.0

Action                   |  1- 3 |  4- 6 |  7- 9 | 10-12 | 13-15 || total
-------------------------+-------+-------+-------+-------+-------++-------
Melee: Hand axe          |    79 |   162 |   371 |       |       ||   612
       Headbutt          |     5 |    23 |    71 |   131 |   322 ||   552
       Punch             |     1 |     2 |     7 |       |       ||    10
       War axe           |       |       |    85 |   673 |   917 ||  1675
       Rapier            |       |       |       |       |   191 ||   191
Invok: Berserk           |       |     2 |     4 |     9 |     5 ||    20
       Trog's Hand       |       |     2 |     4 |    11 |    15 ||    32
       Brothers in Arms  |       |       |       |     3 |     4 ||     7
Evoke: Wand              |       |       |       |     5 |     2 ||     7
       Piece from Xom's  |       |       |       |     5 |    21 ||    26
       Condenser vane    |       |       |       |       |     1 ||     1
  Use: Scroll            |       |       |     8 |     8 |    15 ||    31
       Potion            |       |       |       |     5 |     2 ||     7
 Stab: Paralysed         |       |       |       |       |     7 ||     7
       Petrified         |       |       |       |       |     7 ||     7
       Confused          |       |       |       |       |     1 ||     1
Armor: Animal skin       |    11 |       |       |       |       ||    11
       Ring mail         |     6 |     1 |   136 |    65 |       ||   208
       Scale mail        |       |    25 |       |       |       ||    25
       Chain mail        |       |    25 |     6 |       |       ||    31
       Plate armour      |       |       |       |   101 |   557 ||   658
       Acid dragon scale |       |       |       |     1 |       ||     1
Dodge: Dodged            |    54 |    72 |   185 |   137 |   300 ||   748
Block: Kite shield       |       |       |    34 |   278 |   610 ||   922
       Reflection        |       |       |       |     5 |       ||     5
